 Dungeon Crawl Stone Soup version 0.29.1-2-gbd0b4ee654 (webtiles) character file.

Game seed: 13522018631500061650

75 avis the Chopper (level 4, -2/41 HPs)
             Began as a Hill Orc Monk on Oct 28, 2022.
             Shot with a sling bullet by a goblin (4 damage)
             ... on level 2 of the Dungeon.
             The game lasted 00:07:34 (2004 turns).

avis the Chopper (Hill Orc Monk)                    Turns: 2004, Time: 00:07:35

Health: -2/41      AC:  5    Str: 15    XL:     4   Next: 31%
Magic:  4/4        EV: 11    Int: 10    God:
Gold:   34         SH:  0    Dex: 13    Spells: 3/3 levels left

rFire   . . .      SeeInvis .   a - +0 hand axe
rCold   . . .      Faith    .   (no shield)
rNeg    . . .      Spirit   .   i - +0 ring mail
rPois   .          Reflect  .   (no helmet)
rElec   .          Harm     .   (no cloak)
rCorr   .          Rampage  .   (no gloves)
Will    .....                   (no boots)
Stlth   +.........              (no amulet)
HPRegen 0.13/turn               (no ring)
MPRegen 0.09/turn               (no ring)

@: no status effects
A: no striking features
a: no special abilities


You were on level 2 of the Dungeon.
You visited 1 branch of the dungeon, and saw 2 of its levels.

You collected 34 gold pieces.

Inventory:

Hand Weapons
 a - a +0 hand axe (weapon)
 j - a +0 spear
Armour
 b - a +0 robe
 i - a +0 ring mail (worn)
Scrolls
 d - a scroll of amnesia {unknown}
 e - a scroll of enchant weapon {unknown}
 g - a scroll of summoning {unknown}
 h - a scroll of identify {unknown}
 k - a scroll of magic mapping {unknown}
 l - a scroll of noise {unknown}
Potions
 c - a potion of ambrosia
 f - a potion of cancellation {unknown}
 m - a potion of curing {unknown}
 n - a potion of invisibility {unknown}


   Skills:
 + Level 4.5 Fighting
 * Level 5.9 Axes
 - Level 2.4 Dodging
 - Level 1.5 Stealth


You had 3 spell levels left.
You didn't know any spells.
Your spell library was empty.

Dungeon Overview and Level Annotations

Branches:
Dungeon (2/15)

Altars:

Shops:
D:2 [(


Message History

The adder is heavily wounded.
The adder bites you but does no damage.
You barely miss the adder. You punch the adder.
The adder is almost dead.
The adder bites you but does no damage.
You barely miss the adder.
The adder is almost dead.
The adder bites you.
You barely miss the adder.
The adder is almost dead.
The adder bites you. The adder bites you but does no damage.
You miss the adder.
The adder is almost dead.
The adder bites you.
You are poisoned.
The adder poisons you!
You hit the adder.
You kill the adder!
You feel sick.
The goblin shoots a sling bullet.
The sling bullet barely misses you.
You barely miss the hobgoblin.
You feel sick. The hobgoblin misses you.
You hit the hobgoblin but do no damage.
You feel sick.
The hobgoblin hits you but does no damage.
You hit the hobgoblin.
You kill the hobgoblin!
You feel sick.
The goblin shoots a sling bullet.
The sling bullet hits you.
* * * LOW HITPOINT WARNING * * *
You feel sick.
You are no longer poisoned.
The goblin unwields a +0 sling.
The goblin closely misses you. The goblin barely misses you.
You closely miss the goblin. You hit the worm. The goblin closely misses you.
The worm bites you.
* * * LOW HITPOINT WARNING * * *
The goblin wields a +0 sling.
The goblin shoots a sling bullet.
The sling bullet hits you.
* * * LOW HITPOINT WARNING * * *
You hear an angry hiss.
The goblin shoots a sling bullet.
The sling bullet hits you.
You die...

.........#
#......#.#####.#.#...#
###..##### #......#.#
###.##### ##.#
#......#.# ###.....###
####)#
#......#<###..##.##..#
.....#
#......####.####+####.
...###
#.####.##.............
...# #.
#.##.######+##### ...#
#.####..#.............
...#
#....@....#.####+####.
≈.~# ####..####g####..
..# ≈≈≈# .........w.#
##.. ..## ####
###....##..# #.# # #
#..)..#..# #..#..#...g
....#..#.###. .....
####.# .. ..... ... .


You could see a goblin (fast).

Vanquished Creatures
  5 adders (D:2)
  2 ball pythons
  2 endoplasms
  5 goblins
  3 hobgoblins (D:2)
  5 bats
  2 frilled lizards (D:2)
  5 kobolds
  4 rats (D:1)
33 creatures vanquished.

Notes
Turn   | Place    | Note
-------+----------+-------------------------------------------
     0 | D:1      | avis the Hill Orc Monk began the quest for the Orb.
     0 | D:1      | Reached XP level 1. HP: 19/19 MP: 1/1
   458 | D:1      | Reached XP level 2. HP: 27/27 MP: 2/2
  1071 | D:2      | Found Yliwo's Armour Shoppe.
  1083 | D:2      | Reached skill level 5 in Axes
  1092 | D:2      | Reached XP level 3. HP: 12/33 MP: 3/3
  1349 | D:2      | Found Gaoll's Weapon Boutique.
  1813 | D:2      | Reached XP level 4. HP: 34/41 MP: 4/4
  2003 | D:2      | HP: 2/41 [goblin/sling bullet (4)]
  2004 | D:2      | Shot with a sling bullet by a goblin

Illustrated notes

Levels and vault maps discovered:
D:1:      dpeg_arrival_round_b, layout_loops_ring, minmay_stone_trees_small
D:2:      layout_basic, serial_shops, shop, nicolae_shop_hallway_plus,
          shapermc_ecumenical_altar_pompeii, interstate_on_off,
          minmay_goblin_outpost

Skill      XL: |  1  2 |
---------------+-------+-----
Fighting       | 4 |  4.5
Axes           | 5 |  5.9
Dodging        | |  2.4
Stealth        | |  1.5

Action                   |  1- 3 |  4- 6 || total
-------------------------+-------+-------++-------
Melee: Hand axe          |   105 |    25 ||   130
       Punch             |       |     1 ||     1
Armor: Ring mail         |    35 |    12 ||    47
       Robe              |     3 |       ||     3
Dodge: Dodged            |    58 |    17 ||    75
